Map: Dämmertürme

Players

InsOp

  • Race: Protoss Protoss
  • League: Silver

Famous - Winner!

  • Race: Terran Terran
  • League: Platinum

VOD

Have the link to the VOD?

Description

Time

  • Played on: April 1, 2016, 9:06 a.m.
  • Length: 12:47
Show
View Real Time Build Order
Export as new Build Order

InsOp Protoss 

Build Orders:  

Get SALT Encoding   

  12  0:01  Probe (Chrono Boost)  
  13  0:19  Pylon  
  13  0:22  Probe (Chrono Boost)  
  14  0:44  Gateway  
  14  0:54  Probe (Chrono Boost)  
  15  0:58  Assimilator  
  15  1:04  Probe (Chrono Boost)  
  16  1:15  Probe (Chrono Boost)  
  17  1:22  Gateway  
  18  1:25  Probe (Chrono Boost)  
  18  1:45  Cybernetics Core  
  18  1:55  Gateway  
  18  2:00  Zealot  
  20  2:04  Probe (Chrono Boost)  
  21  2:15  Probe (Chrono Boost)  
  22  2:28  Probe (Chrono Boost)  
  23  2:35  Warp Gate (Chrono Boost)  
  23  2:42  Pylon  
  23  2:52  Assimilator  
  23  2:57  Pylon  
  23  3:00  Stalker x2, Probe (Chrono Boost)  
  23  3:03  Stalker  
  30  3:10  Probe (Chrono Boost)  
  30  3:24  Probe (Chrono Boost)  
  31  3:32  Stalker  
  31  3:33  Stalker  
  35  3:41  Pylon  
  35  3:50  Robotics Facility  
  35  3:52  Probe  
  36  4:09  Stalker  
  38  4:28  Nexus  
  38  4:31  Pylon  
  38  4:45  Immortal  
  42  4:48  Probe  
  43  5:00  Pylon  
  43  5:12  Gateway  
  43  5:26  Immortal (Chrono Boost)  
  47  5:33  Stalker  
  49  5:40  Zealot  
  51  5:44  Zealot  
  53  5:56  Probe  
  54  5:59  Probe  
  55  6:07  Sentry  
  55  6:08  Stalker, Probe  
  55  6:10  Probe  
  61  6:23  Robotics Bay  
  61  6:49  Probe  
  61  6:50  Probe  
  61  6:53  Pylon  
  63  6:58  Stalker  
  63  6:59  Stalker x2  
  67  7:13  Immortal (Chrono Boost)  
  71  7:20  Pylon  
  69  7:38  Stalker, Pylon  
  69  7:39  Stalker x2  
  69  7:41  Stalker  
  77  7:57  Colossus (Chrono Boost)  
  83  7:59  Pylon  
  81  8:11  Pylon  
  81  8:17  Pylon  
  81  8:24  Stalker  
  81  8:25  Stalker  
  85  8:31  Probe  
  85  8:33  Probe  
  44  9:09  Stalker x3  
  42  9:10  Stalker  
  40  9:22  Colossus (Chrono Boost)  
  46  9:29  Probe  
  47  9:32  Assimilator  
  47  9:35  Assimilator  
  47  9:40  Probe  
  47  9:44  Stalker x2  
  52  9:50  Probe  
  53  9:57  Forge  
  53  10:01  Probe  
  54  10:11  Probe  
  54  10:13  Probe  
  56  10:20  Immortal (Chrono Boost)  
  44  10:46  Stalker  
  44  10:47  Stalker  
  48  10:54  Stalker  
  50  11:02  Probe  
  51  11:13  Probe  
  52  11:22  Stalker  
  54  11:35  Zealot  
  54  11:36  Zealot  
  54  11:39  Zealot  
  60  11:43  Probe  
  61  11:51  Zealot  
  63  12:06  Probe  
  63  12:07  Probe  
  65  12:10  Zealot  
  67  12:16  Zealot  
Show
View Real Time Build Order
Export as new Build Order

Famous Terran - Winner!

Build Orders: MMM Bio 

Get SALT Encoding   

  12  0:01  SCV  
  13  0:13  SCV  
  14  0:18  Supply Depot  
  14  0:25  SCV  
  15  0:40  SCV  
  15  0:41  Barracks  
  16  0:45  Refinery  
  16  0:52  SCV  
  17  0:57  Refinery  
  18  1:04  SCV  
  18  1:16  SCV  
  19  1:31  Barracks Reactor  
  19  1:32  Orbital Command  
  19  1:50  Command Center  
  19  2:03  Supply Depot  
  19  2:09  Factory  
  19  2:27  Bunker  
  19  2:30  Marine x2  
  19  2:32  SCV  
  22  2:42  Bunker  
  22  2:47  SCV  
  22  2:48  Marine x2  
  25  2:57  Factory Tech Lab  
  25  3:02  Bunker  
  25  3:05  Marine x2  
  27  3:16  Siege Tank  
  30  3:23  Marine  
  30  3:26  Starport  
  31  3:30  SCV  
  31  3:33  Marine  
  33  3:43  Engineering Bay  
  32  4:03  Siege Tank  
  32  4:06  Medivac  
  37  4:17  SCV  
  37  4:19  Orbital Command  
  37  4:22  Missile Turret  
  38  4:27  Missile Turret  
  38  4:30  SCV  
  39  4:32  Liberator  
  39  4:34  Missile Turret  
  39  4:38  Barracks  
  39  4:46  SCV  
  39  4:50  Marine  
  44  4:58  SCV  
  45  5:00  SCV, Missile Turret  
  46  5:07  Barracks  
  46  5:16  Supply Depot  
  46  5:17  Supply Depot  
  46  5:19  SCV  
  46  5:20  Marine x2  
  49  5:26  Barracks Tech Lab  
  49  5:28  SCV  
  50  5:31  SCV  
  50  5:32  Medivac  
  53  5:35  Refinery  
  53  5:38  Marine x2  
  53  5:40  SCV  
  56  5:43  SCV  
  56  5:48  Stimpack  
  57  5:51  Marauder  
  57  5:53  SCV  
  60  5:58  Barracks Tech Lab  
  60  6:01  Marine  
  60  6:02  Marine  
  62  6:11  Marine  
  63  6:19  Marine x2  
  63  6:24  Marauder  
  67  6:27  Starport Tech Lab  
  67  6:30  Marauder  
  67  6:31  Combat Shields  
  69  6:33  Starport  
  69  6:37  Marine  
  70  6:46  Supply Depot x2  
  70  7:07  Marine x4  
  74  7:24  Liberator  
  74  7:25  Marine  
  78  7:56  Marauder x2, Marine x2  
  84  8:14  Marine x2  
  86  8:22  Supply Depot  
  86  8:23  Supply Depot  
  86  8:24  Supply Depot  
  86  8:27  Starport Reactor  
  86  8:36  Refinery  
  86  8:42  SCV x2, Raven, Terran Infantry Weapons Level 1, Marine x3  
  86  8:44  Siege Tank, Marauder  
  98  8:52  Command Center  
  98  8:54  SCV  
  92  9:00  Marine x2  
  82  9:16  Siege Tank  
  85  9:18  Marauder, Marine x2  
  85  9:19  Marauder  
  85  9:20  Medivac  
  93  9:32  Concussive Shells, Liberator  
  93  9:36  Marine x2  
  95  9:39  Marine  
  95  9:40  Marauder  
  95  9:43  Barracks  
  98  9:45  Barracks  
  98  9:47  Barracks  
  98  9:48  Siege Tank  
  104  9:54  Marine x2  
  104  9:57  Marine  
  107  10:01  Marine  
  108  10:12  Marine x2  
  110  10:15  Marine  
  110  10:18  Marine  
  109  10:45  Siege Tank  
  109  10:47  Marauder x2  
  116  11:05  Planetary Fortress  
  116  11:13  Ghost Academy  
  116  11:14  Ghost Academy  
  116  11:16  Barracks Tech Lab x2  
  116  11:17  Siege Tank  
  119  11:21  Marine x3  
  119  11:22  Medivac  
  119  11:24  Barracks Reactor  
  124  11:29  Missile Turret  
  124  11:35  Missile Turret  
  124  11:37  SCV x2, Missile Turret  
  124  11:38  Missile Turret x2  
  126  11:40  Missile Turret  
  126  11:49  SCV  
  126  11:52  Ghost x2  
  126  11:53  Ghost  
  133  11:55  Missile Turret  
  133  11:59  Supply Depot  
  133  12:00  Supply Depot  
  133  12:15  Refinery, Missile Turret  
  133  12:19  Refinery  
Tags
 
Add a new tag
Caveats
  • Supply blocks, unpowered buildings, or Contaminate may cause inaccurate times.
  • Supply counts are checked every 10 seconds.